 Dungeon Crawl Stone Soup version 0.10.0-32-gfa280cc character file.

4197 Hawkins the Poker (level 10, -19/90 HPs)
             Began as a Naga Fighter on Apr 13, 2012.
             Was a High Priest of Cheibriados.
             Demolished by a hill giant
             ... wielding a +1,+1 great mace
              (26 damage)
             ... on Level 10 of the Dungeon.
             The game lasted 00:30:54 (8081 turns).

Hawkins the Poker (Naga Fighter)                    Turns: 8081, Time: 00:30:54

HP -19/90        AC 12     Str 33      XL: 10   Next: 15%
MP   4/9         EV  3     Int 20      God: Cheibriados [*****.]
Gold 424         SH 26     Dex 21      Spells:  0 memorised,  9 levels left

Res.Fire  : . . .   See Invis. : +   u - +0 spear
Res.Cold  : . . .   Warding    : . . n - +0 plate armour
Life Prot.: . . .   Conserve   : .   c - +0 shield
Res.Acid. : . . .   Res.Corr.  : .   (no helmet)
Res.Poison: +       Clarity    : .   X - +0 cloak
Res.Elec. : .       Spirit.Shd : .   (no gloves)
Sust.Abil.: . .     Stasis     : .   (no barding)
Res.Mut.  : .       Ctrl.Telep.: .   (no amulet)
Res.Rott. : .       Levitation : .   (no ring)
Saprovore : . . .   Ctrl.Flight: .   (no ring)

@: very slow, somewhat resistant to hostile enchantments, extremely unstealthy
A: spit poison, constrict 1, see invisible, deformed body, poison resistance,
slowness 2
a: Spit Poison, Bend Time, Temporal Distortion, Slouch, Step From Time, Renounce
Religion


You were on level 10 of the Dungeon.
You worshipped Cheibriados.
Cheibriados was extremely pleased with you.
You were hungry.

You visited 2 branches of the dungeon, and saw 11 of its levels.

You collected 404 gold pieces.

Inventory:

Hand weapons
 a - a +0,-3 trident
 j - a +0,+0 spear (quivered)
 u - a +0,+0 spear (weapon)
 P - a +1,+2 vampiric spear
Armour
 c - a +0 shield (worn)
 n - a +0 plate armour (worn)
 E - a +1 ring mail
 X - a +0 cloak (worn)
Magical devices
 p - a wand of frost (14)
 x - a wand of paralysis (5) {unknown}
 H - a wand of cold (5) {unknown}
 K - a wand of draining (4) {unknown}
 O - a wand of random effects (1) {unknown}
 R - a wand of paralysis (11) {unknown}
 S - a wand of fire (7) {unknown}
 W - a wand of random effects (17) {unknown}
Comestibles
 d - 2 bread rations
 i - 2 pears
 q - 2 apples
 v - 3 meat rations
 G - a cheese
 Q - 16 grapes
Scrolls
 f - a scroll of fog {unknown}
 g - 4 scrolls of curse armour {unknown}
 h - 4 scrolls of remove curse
 l - 2 scrolls of enchant weapon II {unknown}
 m - a scroll of enchant armour {unknown}
 o - 2 scrolls of blinking {unknown}
 r - 2 scrolls of random uselessness {unknown}
 s - 3 scrolls of detect curse {unknown}
 A - 5 scrolls of identify {unknown}
 B - 3 scrolls of teleportation {unknown}
 C - a scroll of magic mapping {unknown}
 I - a scroll of noise {unknown}
 J - a scroll of curse jewellery {unknown}
 M - a scroll of fear {unknown}
 U - a scroll of recharging {unknown}
 V - a scroll of curse weapon {unknown}
Potions
 e - 3 potions of restore abilities {unknown}
 k - a potion of magic {unknown}
 t - 2 potions of agility {unknown}
 w - a potion of slowing {unknown}
 D - a potion of brilliance {unknown}
 F - a potion of invisibility {unknown}
 L - a potion of paralysis {unknown}
 N - a potion of levitation {unknown}
Books
 b - a book of the Earth

   Spells                             Type                      Level
   Dig                                Transmutation/Earth          4
   Leda's Liquefaction                Transmutation/Earth          4
   Bolt of Magma                      Conjuration/Fire/Earth       5
   Statue Form                        Transmutation/Earth          6
   Iron Shot                          Conjuration/Earth            6
   Shatter                            Earth                        9
 y - a book of Conjurations

   Spells                             Type                      Level
   Magic Dart                         Conjuration                  1
   Throw Frost                        Conjuration/Ice              2
   Mephitic Cloud                     Conjuration/Poison/Air       3
   Lightning Bolt                     Conjuration/Air              5
   Bolt of Cold                       Conjuration/Ice              6
   Freezing Cloud                     Conjuration/Ice/Air          6
Miscellaneous
 T - a bottled efreet


   Skills:
 + Level 5.6 Fighting
 + Level 6.4 Polearms
 + Level 6.2 Armour
 + Level 3.1 Dodging
 + Level 3.0 Stealth
 + Level 0.6 Stabbing
 + Level 6.4 Shields
 + Level 2.1 Traps & Doors


You had 9 spell levels left.
You didn't know any spells.

Dungeon Overview and Level Annotations

Branches:
Dungeon (10/27)            Temple (1/1) D:5
    Orc: D:6-11        Lair: D:8-13

Altars:
Ashenzari
Cheibriados
Fedhas
Kikubaaqudgha
Makhleb
Nemelex Xobeh
Okawaru
Sif Muna
The Shining One
Trog
Vehumet
Xom
Yredelemnul
Zin

Shops:
D:9: [


Innate Abilities, Weirdness & Mutations

You cannot wear boots.
You can spit poison.
You can use your snake-like lower body to constrict enemies.
Your serpentine skin is tough (AC +3).
You have supernaturally acute eyesight.
Armour fits poorly on your strangely shaped body.
Your system is resistant to poisons.
You cover ground very slowly.


Message History

You can feel time thicken for a moment.
You kill the gnoll!
Cheibriados appreciates the change of pace.
Cheibriados raises the support of your attributes as your movement slows.
You kill the gnoll!
Cheibriados appreciates the change of pace.
You kill the gnoll!
Cheibriados appreciates the change of pace.
You kill the gnoll!
Cheibriados appreciates the change of pace.
You kill the gnoll sergeant!
Cheibriados appreciates the change of pace.
You feel somewhat more hungry.
Cheibriados reduces the support of your attributes as your movement quickens.
You puncture the hill giant.
The hill giant is heavily wounded.
The hill giant hits you with a great mace!
* * * LOW HITPOINT WARNING * * *
The hill giant hits you with a great mace!
You die...

..... . . ..... #....
....### ...... ......#. .
#....# #.....#.. .... .
+|...# #......... ....
)..#....###.........
........##...............
................@.).......
.# #.....#.......C).......
.###.....#+#.##..%.....#..
...#.........##..).)...#
...+.........##..!.......
...#.........##..........
...#.....###.##.........
.............##........
###.##.#.###.##.......


You could see a hill giant.

Vanquished Creatures
  Maurice (D:9)
  A wyvern (D:9)
  Eustachio (D:8)
  A hippogriff (D:10)
  2 ice beasts
  2 orc warriors
  A sky beast (D:5)
  A phantom (D:5)
  An ogre (D:10)
  5 giant frogs
  A yellow wasp zombie (D:8)
  2 centaurs (D:6)
  2 gnoll sergeants
  A water moccasin skeleton (D:9)
  A big kobold zombie (D:6)
  6 killer bees (D:9)
  7 crimson imps
  A quasit (D:8)
  3 hounds
  2 orc priests
  4 orc wizards
  7 worker ants
  A scorpion (D:7)
  4 iguanas
  2 worker ant zombies
  2 jellies (D:7)
  9 adders
  19 gnolls
  A giant centipede zombie (D:10)
  3 giant mites
  A giant centipede (D:10)
  A green rat (D:8)
  7 worms
  2 giant eyeballs
  3 giant geckos
  An ooze (D:1)
  15 orcs
  3 ball pythons
  6 giant cockroaches
  20 goblins
  16 hobgoblins
  5 jackals
  3 quokkas
  4 bats
  A giant gecko zombie (D:5)
  9 giant newts
  A hobgoblin skeleton (D:6)
  A jackal skeleton (D:8)
  16 kobolds
  2 kobold skeletons
  2 orc skeletons
  An orc zombie (D:7)
  A quokka skeleton (D:4)
  13 rats
  A rat zombie (D:6)
  A toadstool (D:8)
230 creatures vanquished.

Vanquished Creatures (others)
  A giant newt (D:9)
  A goblin (D:9)
  A kobold (D:8)
  An orc zombie (D:7)
  22 toadstools
26 creatures vanquished.

Grand Total: 256 creatures vanquished

Notes
Turn   | Place    | Note
--------------------------------------------------------------
     0 | D:1      | Hawkins, the Naga Fighter, began the quest for the Orb.
     0 | D:1      | Reached XP level 1. HP: 21/21 MP: 0/0
   175 | D:1      | Reached XP level 2. HP: 25/28 MP: 1/1
   875 | D:2      | Reached XP level 3. HP: 36/36 MP: 2/2
  1111 | D:2      | Found a shattered altar of Ashenzari.
  1277 | D:2      | Found an ancient bone altar of Kikubaaqudgha.
  1368 | D:2      | Reached XP level 4. HP: 40/43 MP: 3/3
  1728 | D:3      | Reached XP level 5. HP: 50/50 MP: 4/4
  1862 | D:3      | Reached skill level 1 in Stealth
  2353 | D:4      | Reached skill level 4 in Fighting
  2353 | D:4      | Reached skill level 1 in Dodging
  2353 | D:4      | Reached XP level 6. HP: 58/58 MP: 5/5
  2553 | D:4      | Found a radiant altar of Vehumet.
  2905 | D:4      | Found an iron altar of Okawaru.
  2984 | D:5      | Entered Level 5 of the Dungeon
  2997 | D:5      | Paralysed by a giant eyeball for 4 turns
  3053 | D:5      | Found a basalt altar of Yredelemnul.
  3059 | D:5      | Found a staircase to the Ecumenical Temple.
  3070 | Temple   | Entered the Ecumenical Temple
  3090 | Temple   | Became a worshipper of Cheibriados the Contemplative
  3258 | D:5      | Reached XP level 7. HP: 64/64 MP: 6/6
  3581 | D:5      | Acquired Cheibriados's first power
  4013 | D:5      | Reached XP level 8. HP: 61/73 MP: 7/7
  4303 | D:6      | Found a glowing silver altar of Zin.
  4447 | D:6      | Found a sparkling altar of Nemelex Xobeh.
  4514 | D:6      | Reached skill level 5 in Polearms
  5038 | D:6      | You fall through a shaft!
  5080 | D:7      | Found a blossoming altar of Fedhas.
  5089 | D:7      | Reached skill level 5 in Armour
  5657 | D:7      | Acquired Cheibriados's second power
  5667 | D:7      | Reached skill level 5 in Fighting
  5667 | D:7      | Reached XP level 9. HP: 30/80 MP: 8/8
  6199 | D:7      | Reached skill level 1 in Traps & Doors
  6595 | D:8      | Noticed Eustachio
  6602 | D:8      | Killed Eustachio
  6602 | D:8      | Reached skill level 5 in Shields
  6616 | D:8      | Paralysed by a giant eyeball for 2 turns
  6646 | D:8      | Acquired Cheibriados's third power
  7077 | D:8      | Found a burning altar of Makhleb.
  7379 | D:9      | Found Trexzot's Armour Boutique.
  7406 | D:9      | Found a bloodstained altar of Trog.
  7553 | D:9      | Reached skill level 6 in Polearms
  7612 | D:9      | Noticed Maurice
  7624 | D:9      | Killed Maurice
  7849 | D:9      | Acquired Cheibriados's fourth power
  7849 | D:9      | Reached XP level 10. HP: 71/88 MP: 9/9
  7903 | D:10     | Entered Level 10 of the Dungeon
  8081 | D:10     | Demolished by a hill giant
